Map: Jagannatha LE

Players

TriGGeR - Winner!

  • Race: Protoss Protoss

PattyMac

  • Race: Protoss Protoss

Event: DreamHack SC2 Masters 2021 Winter

VOD

Have the link to the VOD?

Description

Time

  • Played on: Oct. 10, 2021, 4:33 p.m.
  • Length: 7:18

All games in this series

Show
View Real Time Build Order
Export as new Build Order

TriGGeR Protoss - Winner!

Build Orders: Proxy Void Ray 

Get SALT Encoding   

  12  0:00  Probe  
  13  0:12  Probe  
  14  0:20  Pylon  
  14  0:24  Probe  
  15  0:38  Probe (Chrono Boost)  
  15  0:40  Gateway  
  16  0:47  Probe (Chrono Boost)  
  16  0:49  Assimilator  
  17  0:52  Probe  
  18  1:04  Probe (Chrono Boost)  
  18  1:09  Pylon  
  19  1:16  Assimilator, Probe (Chrono Boost)  
  20  1:21  Probe (Chrono Boost)  
  21  1:28  Zealot  
  21  1:31  Cybernetics Core  
  21  1:32  Probe  
  24  1:44  Probe  
  25  1:56  Probe  
  26  2:04  Nexus  
  26  2:10  Stalker (Chrono Boost)  
  28  2:17  Warp Gate  
  28  2:27  Stargate  
  28  2:33  Shield Battery  
  28  2:38  Probe  
  28  2:43  Stalker  
  31  2:53  Pylon  
  31  3:03  Void Ray (Chrono Boost)  
  31  3:11  Shield Battery  
  33  3:16  Stalker  
  35  3:26  Gateway  
  35  3:38  Void Ray (Chrono Boost)  
  35  3:45  Probe x2  
  41  3:57  Probe  
  41  3:59  Probe  
  43  4:03  Pylon  
  43  4:09  Probe  
  44  4:10  Robotics Facility  
  44  4:12  Stalker  
  46  4:20  Pylon  
  46  4:23  Stalker  
  48  4:31  Assimilator  
  48  4:35  Shield Battery  
  48  4:37  Stalker  
  50  4:50  Stalker  
  48  4:55  Immortal (Chrono Boost)  
  52  5:00  Zealot  
  52  5:05  Shield Battery  
  54  5:13  Stalker  
  56  5:25  Immortal (Chrono Boost)  
  56  5:27  Probe  
  61  5:29  Probe  
  61  5:33  Stalker  
  62  5:44  Stalker  
  62  5:54  Immortal (Chrono Boost)  
  66  5:58  Pylon  
  66  6:00  Probe  
  66  6:01  Probe  
  68  6:10  Stalker x2  
  68  6:14  Probe  
  66  6:20  Void Ray  
  69  6:33  Adept x2  
  69  6:36  Probe  
  71  6:56  Stalker  
Show
View Real Time Build Order
Export as new Build Order

PattyMac Protoss 

Build Orders: Blink Stalkers 

Get SALT Encoding   

  12  0:00  Probe  
  13  0:12  Probe  
  14  0:16  Pylon  
  14  0:24  Probe (Chrono Boost)  
  16  0:36  Gateway, Probe (Chrono Boost)  
  16  0:43  Probe (Chrono Boost)  
  16  0:46  Assimilator  
  17  0:50  Probe  
  17  0:55  Assimilator  
  18  1:03  Probe (Chrono Boost)  
  19  1:08  Gateway  
  19  1:13  Probe (Chrono Boost)  
  20  1:19  Probe  
  20  1:25  Cybernetics Core  
  21  1:31  Probe  
  22  1:40  Pylon  
  22  1:43  Probe  
  24  2:02  Stalker x2  
  24  2:05  Warp Gate  
  27  2:16  Twilight Council  
  27  2:22  Pylon  
  27  2:25  Probe  
  30  2:42  Gateway  
  30  2:46  Pylon  
  30  2:48  Blink (Chrono Boost)  
  30  2:58  Pylon  
  28  3:07  Gateway  
  28  3:10  Stalker  
  30  3:12  Stalker  
  30  3:19  Shield Battery  
  32  3:53  Pylon  
  32  3:55  Stalker x3  
  38  4:07  Pylon  
  38  4:12  Stalker  
  40  4:19  Stalker  
  40  4:22  Stalker  
  44  4:29  Stalker  
  46  4:37  Stalker  
  38  4:54  Stalker x2  
  40  5:00  Stalker  
  42  5:08  Stalker  
  44  5:17  Stalker  
  46  5:24  Stalker  
  48  5:45  Sentry  
  50  5:51  Stalker x2  
  50  5:55  Pylon  
  46  6:15  Stalker x2  
  46  6:18  Adept x2  
  44  6:50  Stalker x3  
  32  7:10  Stalker  

Tags
 
Add a new tag
Caveats
  • Supply blocks, unpowered buildings, or Contaminate may cause inaccurate times.
  • Supply counts are checked every 10 seconds.